 Zot Defence DCSS version 0.15.2 (webtiles) character file.

3346 AnCiEnTIStOnEIBeAsT the Frost Mage (level 10, -9/44 HPs)
             Began as a Vine Stalker Ice Elementalist on Dec 17, 2015.
             Was an Elder of Sif Muna.
             Mangled by a tentacled monstrosity (22 damage)
             ... summoned by a boggart
             ... in the Realm of Zot (Scenario I: Hall of Zot).
             The game lasted 00:12:41 (1644 turns).

AnCiEnTIStOnEIBeAsT the Frost Mage (VSIE)           Turns: 1644, Time: 00:12:41

HP  -9/44        AC 10     Str 11      XL: 10   Next:  2%
MP   0/27        EV 12     Int 17      God: Sif Muna [****..]
Gold 11          SH  0     Dex 16      Spells:  5 memorised,  9 levels left

rFire  . . .     SeeInvis .     f - +1 flail (protect)
rCold  . . .     Clarity  .     a - +0 robe
rNeg   . . .     rCorr    .     (no shield)
rPois  .         rRot     +     (no helmet)
rElec  .         Spirit   +     e - +2 cloak {+Inv}
SustAb .         Warding  .     (no gloves)
rMut   .         Stasis   .     (no boots)
Gourm  .                        (no amulet)
MR     +....                    (no ring)
                                (no ring)

@: very slightly contaminated, constricted, somewhat resistant to hostile
enchantments, unstealthy
A: fangs 3, regeneration 2, magic shield, antimagic bite, no device heal 3, rot
immunity
a: Make oklob sapling, Make arrow trap, Make plant, Remove Curse, Make burning
bush, Make altar, Make grenades, Make oklob plant, Make net trap, Make ice
statue, Make spear trap, Channel Energy, Forget Spell, Renounce Religion, Evoke
Invisibility


You were in the Realm of Zot.
You worshipped Sif Muna.
Sif Muna was greatly pleased with you.
You were not hungry.

You visited 1 branch You collected 11 gold pieces.

Inventory:

Hand weapons
 f - a +1 flail of protection (weapon)
Armour
 a - a +0 robe (worn)
 e - a +2 cloak of darkness (worn)
Comestibles
 d - a bread ration
Scrolls
 i - a scroll of blinking
Potions
 c - 3 potions of curing
 g - 2 potions of magic
Books
 b - a book of Frost

   Spells                             Type                      Level
   *Freeze                            Ice                          1
   *Throw Frost                       Conjuration/Ice              2
   *Ozocubu's Armour                  Charms/Ice                   3
   *Throw Icicle                      Conjuration/Ice              4
   *Summon Ice Beast                  Ice/Summoning                4
   Condensation Shield                Ice                          4


   Skills:
 - Level 1.5 Dodging
 - Level 2.4 Stealth
 + Level 7.4 Spellcasting
 * Level 5.7 Conjurations
 * Level 5.5 Summonings
 + Level 8.1 Ice Magic
 * Level 4.1 Invocations


You had 9 spell levels left.
You knew the following spells:

 Your Spells              Type           Power        Failure   Level  Hunger
a - Freeze                Ice            ####         1%          1    None
b - Throw Frost           Conj/Ice       ####..       1%          2    None
c - Summon Ice Beast      Ice/Summ       ####....     10%         4    ####...
d - Throw Icicle          Conj/Ice       ####....     10%         4    ####...
e - Ozocubu's Armour      Chrm/Ice       ###.....     10%         3    ##.....


Dungeon Overview and Level Annotations

Branches:
    Zot (1/1)

Altars:
Sif Muna

Annotations:
Zot Donald


Innate Abilities, Weirdness & Mutations

You have razor-sharp teeth.
You heal very quickly.
When hurt, damage is shared between your health and your magic reserves.
Your bite disrupts and absorbs the magic of your enemies.
Potions and wands cannot restore your health.
You are immune to rotting.


Message History

The tentacled monstrosity grabs you.
The tentacled monstrosity constricts you.
The fire dragon bites your oklob sapling!
Your oklob sapling is destroyed!
The tentacled monstrosity tentacle-slaps you. x2
* * * LOW HITPOINT WARNING * * *
The tentacled monstrosity tentacle-slaps you but does no damage.
Unknown command.
Unknown command.
Something hits you but does no damage.
Your ice beast hits the fire dragon.
Your ice beast freezes the fire dragon!!
The fire dragon is frozen!
Your burning bush throws fire past the tentacled monstrosity.
The puff of flame hits something.
Your oklob sapling spits acid at the fire dragon.
The splash of acid misses the fire dragon.
The splash of acid hits the tentacled monstrosity.
The tentacled monstrosity tentacle-slaps you!!
Ouch! That really hurt!
You die...

######### ######### ....####
####.... .......### ###.......
.........## ##.........
..........# ▓▓▓▓▓▓▓▓▓ #..........
..........▓▓▓..PPP..▓▓▓..........
..........▓▓....)....▓▓..........
.........)▓.)....)[)%.▓).........
..........))%).Y@)J)@))..........
..........▓....YXX..).▓..........
..........▓▓....D....▓▓..........
..........▓▓▓.)P.P..▓▓▓..........
..........▓ ▓▓▓▓▓▓▓▓▓ ▓..........
.........▓▓ ▓▓.........
.......▓▓▓ ▓▓▓....... ....▓▓▓▓
▓▓▓▓.... ▓▓▓▓▓▓▓▓ ▓▓▓▓▓▓▓▓


You could see 2 tentacled monstrosities, a fire dragon, Donald, a slime
creature, 2 friendly burning bushes, 2 friendly ice beasts and 3 friendly oklob
saplings.

Vanquished Creatures
  An ogre (Zot)
  An adder (Zot)
  10 oozes (Zot)
  2 ball pythons (Zot)
  A bat (Zot)
  A hobgoblin (Zot)
  A giant newt (Zot)
  A goblin (Zot)
  2 kobolds (Zot)
  4 rats (Zot)
24 creatures vanquished.

Vanquished Creatures (collateral kills)
  Maurice (Zot)
  5 slime creatures (Zot)
  2 nagas (Zot)
  Edmund (Zot)
  An orc warrior (Zot)
  A black bear (Zot)
  A boggart (Zot)
  2 phantoms (Zot)
  A big kobold (Zot)
  An ogre (Zot)
  2 giant frogs (Zot)
  A scorpion (Zot)
  A hippogriff skeleton (Zot)
  2 worker ants (Zot)
  3 hounds (Zot)
  2 orc priests (Zot)
  4 gnoll shamans (Zot)
  An iguana (Zot)
  5 adders (Zot)
  A giant mite (Zot)
  4 shadow imps (Zot)
  2 giant geckos (Zot)
  An ooze (Zot)
  5 orcs (Zot)
  A ball python (Zot)
  7 bats (Zot)
  2 giant cockroaches (Zot)
  12 goblins (Zot)
  10 hobgoblins (Zot)
  4 jackals (Zot)
  16 kobolds (Zot)
  2 quokkas (Zot)
  9 giant newts (Zot)
  A giant spore (Zot)
  17 rats (Zot)
131 creatures vanquished.

Vanquished Creatures (others)
  2 ice beasts (Zot)
  An oklob sapling (Zot)
3 creatures vanquished.

Grand Total: 158 creatures vanquished

Notes
Turn   | Place    | Note
--------------------------------------------------------------
     0 | Zot      | AnCiEnTIStOnEIBeAsT, the Vine Stalker Ice Elementalist, began the quest for the Orb.
     0 | Zot      | Reached XP level 1. HP: 9/9 MP: 3/3
   213 | Zot      | Reached XP level 2. HP: 5/13 MP: 0/5
   245 | Zot      | Reached skill level 4 in Ice Magic
   246 | Zot      | Reached XP level 3. HP: 11/16 MP: 5/7
   325 | Zot      | Learned a level 2 spell: Throw Frost
   435 | Zot      | Reached XP level 4. HP: 19/21 MP: 9/9
   529 | Zot      | Learned a level 4 spell: Summon Ice Beast
   540 | Zot      | Noticed Dauwodeg
   551 | Zot      | Killed Dauwodeg the ogre
   551 | Zot      | Reached skill level 1 in Summonings
   551 | Zot      | Reached skill level 5 in Ice Magic
   551 | Zot      | Reached XP level 5. HP: 3/24 MP: 4/13
   551 | Zot      | Gained mutation: You heal very quickly. [vine stalker growth]
   551 | Zot      | Reached XP level 6. HP: 3/28 MP: 4/15
   553 | Zot      | Became a worshipper of Sif Muna the Loreminder
   624 | Zot      | Learned a level 4 spell: Throw Icicle
   841 | Zot      | Reached XP level 7. HP: 32/32 MP: 10/18
   878 | Zot      | Learned a level 3 spell: Ozocubu's Armour
   918 | Zot      | Acquired Sif Muna's first power
   936 | Zot      | Reached skill level 6 in Ice Magic
  1118 | Zot      | Gained mutation: You have razor-sharp teeth. [vine stalker growth]
  1118 | Zot      | Reached XP level 8. HP: 36/36 MP: 4/21
  1122 | Zot      | Reached skill level 5 in Spellcasting
  1221 | Zot      | Reached skill level 1 in Invocations
  1240 | Zot      | Noticed Maurice
  1245 | Zot      | Acquired Sif Muna's second power
  1249 | Zot      | Killed Maurice
  1249 | Zot      | Reached skill level 7 in Ice Magic
  1364 | Zot      | Reached XP level 9. HP: 39/39 MP: 8/24
  1442 | Zot      | Noticed Edmund
  1448 | Zot      | Killed Edmund
  1529 | Zot      | Reached skill level 5 in Conjurations
  1618 | Zot      | Reached skill level 5 in Summonings
  1630 | Zot      | Reached skill level 8 in Ice Magic
  1638 | Zot      | Noticed a tentacled monstrosity
  1639 | Zot      | Acquired Sif Muna's third power
  1640 | Zot      | Noticed a tentacled monstrosity
  1642 | Zot      | Noticed a fire dragon
  1642 | Zot      | Noticed Donald
  1642 | Zot      | Reached XP level 10. HP: 44/44 MP: 4/27
  1644 | Zot      | Mangled by a tentacled monstrosity

Action                   |  1- 3 |  4- 6 |  7- 9 | 10-12 || total
-------------------------+-------+-------+-------+-------++-------
Melee: Unarmed           |    47 |    21 |    12 |       ||    80
 Cast: Freeze            |    12 |    14 |     1 |       ||    27
       Throw Frost       |     1 |    11 |    10 |       ||    22
       Summon Ice Beast  |       |     2 |    22 |       ||    24
 Abil: Make oklob saplin |     2 |     2 |       |       ||     4
       Make altar        |       |     1 |       |       ||     1
       Make burning bush |       |       |     2 |       ||     2
  Use: Potion            |     2 |       |       |       ||     2
 Stab: Distracted        |       |       |     2 |       ||     2
